← All builds
Geo / Legion / Economy first / OBSERVED BUILD

Standard geo

Legion Geo build order · Supreme Isthmus

Geo opens Legion Bot Lab then reclaims it for a Vehicle Plant, builds geothermal and advanced geothermal, blows the commander for T2, and transitions into T2 vehicles (Cicero, Charon, Legion Drone) to supply front and allies.

Usually blows up the commander for T2 (74%)

#eco #t2 · 23 distinct matches · 13 players · 24% of Legion Geo games · team won 30% of 23 · Recently observed

THE CATCH, AND WHAT COMES WITH IT
  • CiceroRadar jammer in 61%16% of all Geo games by then
  • MedusaMedusa in 57%16% of all Geo games by then
  • GladiatorGladiator in 52%16% of all Geo games by then
  • CharonFlak in 48%15% of all Geo games by then

Then transitions into Gladiator (16% of army), Medusa (15% of army), transport (12% of army).

HOW TO PLAY IT

Key timing: Geothermal Powerplant by 3:22

  1. Open mex and wind, then build Legion Bot Lab for early units.
  2. Finish Legion Bot Lab fast, planning to eat it at 3:17.
  3. Build geothermal, then advanced geothermal by 7:05 for power.
  4. Reclaim bot lab into Legion Vehicle Plant, then Advanced Vehicle Plant.
  5. Transition into T2 vehicles like Cicero and Charon for front and allies.

Phase by phase

TYPICAL OF ITS 23 GAMES · AGAINST STANDARD GEO
  1. 1
  2. 2
  3. 3
  4. 4
PLAY THE OPENING

Follow the example game's first 6:00 step by step: what to build now, what comes next, and where it goes. At 1× it keeps pace with your own game.

  1. 1

    Up to the Legion Bot Lab

    Economy
    • Metal Extractor2Mex
    • Wind Turbine4Wind+2 vs standard
    Order
    1. Legion Bot LabLegion Bot Lab after 2 mex, 4 winddone ~0:59, middle half 0:54–1:19

    By 0:42 in all: 2 mex · 4 wind (standard 2)

    The example game in this phase · 3 steps
    1. Mex ×2
    2. Wind ×4
    3. Legion Bot LabLegion Bot Labdone 1:00 · typical 0:59
  2. 2

    Legion Bot Lab to 5:00

    Economy
    • Metal Extractor2Mex
    • Wind Turbine4Wind
    • Energy Converter8Converter
    • Energy Storage1Energy storage
    Order
    1. Geothermal PowerplantGeo after 4 mex, 7 wind, 1 energy storage
    2. Legion Bot LabEat Legion Bot Lab
    Builders
    • Construction Turret6 Con turret
    • Zagreus5 Zagreus
    • Legion Construction Bot2 Legion Construction Bot
    • Legion Construction Bot1 Legion Construction Bot for allies
    • Zagreus1 Zagreus for allies

    Some games also: Goblin (35%)

    By 5:00 in all: 4 mex · 8 wind (standard 6) · 1 geo · 8 converter · 1 energy storage · 6 con turret

    The example game in this phase · 25 steps
    1. Legion Construction BotLegion Construction Bot
    2. Wind
    3. Legion Construction BotLegion Construction Bot
    4. Wind
    5. ZagreusZagreus
    6. Mex
    7. Wind ×2
    8. ZagreusZagreus
    9. Mex
    10. Wind
    11. ZagreusZagreus
    12. Wind
    13. Geothermal PowerplantGeodone 2:58 · typical 3:23
    14. Con turret ×2
    15. Converter ×6
    16. Legion Bot LabEat Legion Bot Labreclaimed for its metal
    17. Con turret ×5
    18. Energy storage
    19. Con turret
    20. Converter ×2
    21. Legion Drone PlantLegion Drone Plantdone 4:58
    22. Energy storage
    23. Converter
    24. AeolusAeolusfor Front
    25. Wind
  3. 3

    5:00 to Legion Vehicle Plant

    Economy
    • Energy Converter2Converter
    Order
    1. Advanced Geothermal PowerplantAdvanced Geothermal Powerplant after 8 wind, 10 converter, 6 con turretin 65% of games
    2. Legion Vehicle PlantLegion Vehicle Plant after 8 wind, 10 converter, 6 con turretdone ~7:18, middle half 6:57–7:34

    Some games also: con turret (48%) · wind (39%)

    By 7:07 in all: 4 mex · 8 wind · 1 geo · 1 Advanced Geothermal Powerplant · 10 converter · 1 energy storage

    The example game in this phase · 27 steps
    1. Converter
    2. Wind
    3. AeolusAeolus
    4. Wind
    5. Converter
    6. Wind
    7. Legion Construction AircraftLegion Construction Aircraft
    8. Wind
    9. Converter
    10. Wind ×2
    11. Converter
    12. Wind
    13. Converter
    14. Wind
    15. Converter
    16. Wind ×2
    17. Converter
    18. Wind ×2
    19. Converter
    20. Wind ×2
    21. Converter
    22. Wind ×21
    23. Advanced Metal ExtractorT2 mex ×2done 6:47 · typical 5:54
    24. Legion Drone PlantEat Legion Drone Plantreclaimed for its metal
    25. Advanced Metal ExtractorT2 mex ×2
    26. Advanced Geothermal PowerplantAdvanced Geothermal Powerplantdone 8:13 · typical 7:10
    27. Legion Vehicle PlantLegion Vehicle Plantdone 8:19 · typical 7:18
  4. 4

    Legion Vehicle Plant to 10:00

    Economy
    • Wind Turbine3Wind+3 vs standard
    • Energy Converter6Converter
    Order
    1. Advanced Vehicle PlantAdvanced Vehicle Plant after 8 wind, 10 converter, 6 con turret
    2. Legion Vehicle PlantEat Legion Vehicle Plant
    Builders
    • Legion Construction Vehicle1 Legion Construction Vehicle

    Some games also: radar jammer (43%) · mobile radar (43%) · T2 con vehicle for allies (39%) · Medusa (39%) · con turret (39%)

    The standard build makes here, this one skips: 2 Arquebus

    By 10:00 in all: 4 mex · 16 wind (standard 9) · 1 geo · 1 Advanced Geothermal Powerplant · 19 converter · 1 energy storage

    The example game in this phase · 281 steps
    1. Legion Construction VehicleLegion Construction Vehicle ×2
    2. Wind
    3. Legion Construction VehicleLegion Construction Vehicle
    4. Wind
    5. Legion Construction VehicleLegion Construction Vehicle
    6. Wind
    7. PharosPharos
    8. Advanced Vehicle PlantAdvanced Vehicle Plantdone 9:09 · typical 8:25
    9. Legion Construction VehicleLegion Construction Vehicle
    10. Wind
    11. PharosPharos
    12. Wind
    13. Legion Vehicle PlantEat Legion Vehicle Plantreclaimed for its metal
    14. Wind
    15. MantisTransportdone 9:19 · typical 9:19
    16. Wind
    17. PharosPharos
    18. Legion DroneLegion Drone ×2
    19. MantisTransport
    20. Wind
    21. Legion DroneLegion Drone
    22. Radar TowerRadar Tower
    23. Wind
    24. Legion DroneLegion Drone ×3
    25. MantisTransport
    26. Wind
    27. Legion DroneLegion Drone
    28. Converter
    29. Wind ×3
    30. Legion DroneLegion Drone ×2
    31. Con turret
    32. Legion DroneLegion Drone ×2
    33. Wind
    34. MantisTransport
    35. Wind
    36. Converter
    37. Legion DroneLegion Drone
    38. Wind
    39. Legion DroneLegion Drone ×2
    40. Converter
    41. Legion DroneLegion Drone
    42. Wind ×2
    43. Converter
    44. Legion DroneLegion Drone
    45. Con turret
    46. Legion DroneLegion Drone
    47. Advanced Construction VehicleT2 con vehiclefor Front
    48. Legion DroneLegion Drone
    49. Wind
    50. Legion DroneLegion Drone
    51. Converter
    52. Legion DroneLegion Drone
    53. Wind ×2
    54. Legion DroneLegion Drone ×2
    55. Wind ×3
    56. MantisTransport
    57. Converter
    58. Legion DroneLegion Drone
    59. Wind
    60. Converter
    61. Wind
    62. Converter
    63. Wind ×2
    64. Legion DroneLegion Drone ×3
    65. CharonFlakdone 10:45
    66. Converter
    67. Legion DroneLegion Drone
    68. Wind
    69. Converter
    70. Wind ×2
    71. Converter
    72. Legion DroneLegion Drone
    73. Converter
    74. BoreasBoreasdone 11:11
    75. Wind
    76. Converter
    77. Wind
    78. Converter
    79. Legion DroneLegion Drone
    80. Converter
    81. Wind
    82. Converter ×2
    83. Wind
    84. Legion DroneLegion Drone ×3
    85. Converter
    86. Wind ×2
    87. Legion DroneLegion Drone ×2
    88. Wind
    89. Converter
    90. MantisTransport
    91. Converter
    92. Wind
    93. Legion DroneLegion Drone
    94. Converter
    95. Wind
    96. Legion DroneLegion Drone ×2
    97. Wind
    98. Legion DroneLegion Drone ×2
    99. Wind
    100. Legion DroneLegion Drone
    101. MantisTransport
    102. Converter
    103. Legion DroneLegion Drone
    104. Wind
    105. Legion DroneLegion Drone
    106. Wind
    107. Legion DroneLegion Drone ×2
    108. Converter ×2
    109. Wind
    110. Legion DroneLegion Drone ×2
    111. Wind
    112. Converter
    113. Wind
    114. Legion DroneLegion Drone ×5
    115. Wind
    116. Legion DroneLegion Drone
    117. MantisTransport
    118. Wind
    119. Legion DroneLegion Drone
    120. Converter
    121. Wind
    122. Legion DroneLegion Drone ×2
    123. Converter
    124. Legion DroneLegion Drone
    125. Converter
    126. Wind
    127. Legion DroneLegion Drone ×3
    128. Wind ×2
    129. Legion DroneLegion Drone ×2
    130. Converter
    131. Legion DroneLegion Drone
    132. Wind
    133. MantisTransport
    134. Legion DroneLegion Drone ×2
    135. Wind
    136. Legion DroneLegion Drone
    137. Converter
    138. Wind
    139. Legion DroneLegion Drone
    140. Converter
    141. Legion DroneLegion Drone ×2
    142. Wind
    143. Converter
    144. Legion DroneLegion Drone
    145. Wind
    146. Legion DroneLegion Drone
    147. Wind
    148. Legion DroneLegion Drone ×3
    149. Wind
    150. MantisTransport
    151. Legion DroneLegion Drone ×5
    152. Wind
    153. Converter
    154. Legion DroneLegion Drone
    155. Wind
    156. Legion DroneLegion Drone
    157. Converter ×2
    158. Legion DroneLegion Drone ×2
    159. Wind
    160. Legion DroneLegion Drone ×4
    161. CharonFlak
    162. Legion DroneLegion Drone
    163. Wind
    164. Converter
    165. Legion DroneLegion Drone
    166. Wind
    167. Legion DroneLegion Drone
    168. Converter
    169. Legion DroneLegion Drone ×2
    170. Wind
    171. Legion DroneLegion Drone ×3
    172. Wind
    173. BoreasBoreas
    174. Converter ×2
    175. Wind
    176. Legion DroneLegion Drone
    177. Wind
    178. Legion DroneLegion Drone ×6
    179. Converter
    180. Legion DroneLegion Drone
    181. Wind
    182. Converter
    183. Wind
    184. Legion DroneLegion Drone
    185. Wind
    186. Legion DroneLegion Drone ×4
    187. Converter
    188. Wind
    189. Legion DroneLegion Drone
    190. Wind
    191. MantisTransport
    192. Converter
    193. Legion DroneLegion Drone
    194. Converter
    195. Wind
    196. Legion DroneLegion Drone ×3
    197. CharonFlak
    198. BoreasBoreas
    199. Converter
    200. Wind
    201. Legion DroneLegion Drone
    202. Wind
    203. Legion DroneLegion Drone
    204. Converter
    205. Legion DroneLegion Drone
    206. Wind
    207. Converter
    208. Legion DroneLegion Drone ×4
    209. Wind ×2
    210. Legion DroneLegion Drone ×2
    211. BoreasBoreas
    212. Legion DroneLegion Drone ×2
    213. Converter
    214. Wind
    215. Legion DroneLegion Drone
    216. Wind
    217. Converter
    218. Legion DroneLegion Drone ×2
    219. Wind
    220. Legion DroneLegion Drone
    221. Wind
    222. Legion DroneLegion Drone ×3
    223. Wind
    224. Legion DroneLegion Drone
    225. Converter
    226. Legion DroneLegion Drone ×5
    227. BoreasBoreas
    228. Wind ×2
    229. Legion DroneLegion Drone ×3
    230. Wind
    231. Converter ×2
    232. Legion DroneLegion Drone ×2
    233. Wind
    234. Legion DroneLegion Drone ×5
    235. Converter
    236. Legion DroneLegion Drone
    237. Wind ×2
    238. Legion DroneLegion Drone ×3
    239. Converter
    240. BoreasBoreas
    241. Wind
    242. Converter
    243. Legion DroneLegion Drone ×5
    244. Wind
    245. Converter
    246. Wind ×2
    247. Converter
    248. Legion DroneLegion Drone ×4
    249. Converter
    250. Legion DroneLegion Drone ×4
    251. Wind ×3
    252. Legion DroneLegion Drone ×3
    253. Wind
    254. BoreasBoreas
    255. Legion DroneLegion Drone ×3
    256. Wind
    257. Legion DroneLegion Drone
    258. Converter
    259. Wind ×2
    260. Legion DroneLegion Drone ×2
    261. Wind
    262. Legion DroneLegion Drone ×5
    263. Wind ×2
    264. Legion DroneLegion Drone
    265. Wind
    266. BoreasBoreas
    267. Legion DroneLegion Drone
    268. Converter
    269. Wind
    270. Legion DroneLegion Drone ×4
    271. Wind ×2
    272. Legion DroneLegion Drone ×2
    273. Wind
    274. Legion DroneLegion Drone
    275. Wind
    276. Legion DroneLegion Drone ×3
    277. BoreasBoreas
    278. Wind
    279. Converter
    280. Legion DroneLegion Drone
    281. Wind ×2

Counts are medians over the build's games: half of them build more, half fewer. The example game is _X_'s (50 OS, 09/09/2026); pick another.

Team trades

IN AT LEAST 30% OF ITS GAMES

You hand over

  • Zagreus1 Zagreus to Beach sea or Front or Suicide frontfirst at 2:06 · in 61% of games
  • Legion Construction Bot1 Legion Construction Bot to Beach sea or Pondfirst at 2:24 · in 74% of games
  • Advanced Construction Vehicle1 T2 con vehicle to Suicide front or Frontfirst at 9:13 · in 52% of games

You get

  • Advanced Metal Extractor1 T2 mex from Techfirst at 5:00 · in 30% of games
  • Advanced Construction Bot1 T2 con bot from Techfirst at 5:10 · in 87% of games

How it plays out

Typical game of this build, running totals by minute

Metal produced

020k40k
0:005:0010:0015:00

metal

Enemy metal destroyed

05k10k15k
0:005:0010:0015:00

metal

Own metal lost

02k4k6k
0:005:0010:0015:00

metal

23 games.

Show as table
ByMetal produced: This buildEnemy metal destroyed: This buildOwn metal lost: This build
1:0033100
2:0082800
3:00154700
4:00277400
5:00375600
6:00533900
7:007762050
8:0010951050
9:00140493290
10:0016880270214
11:0019793615222
12:00227162505389
13:002595755441010
14:002875187452780
15:0031733107654640
WHAT THE NUMBERS SAY

Standard geo play with the biggest eco of any role shown, but team still won under half its games.

  • + Produces 32330 metal by 15:00, more than any other role's standard build.
  • − Team won only 40% of games despite dominating metal production.
THE EXAMPLE YOU ARE READING

_X_

50.4 OS · 09/09/2026

Open source match ↗

2 received units · includes a constructor
700 metal received · 98149 energy received

Allied construction assistance is unknown. Timings are observations, not a promise of solo reproducibility.

Typical milestones

Legion Bot Lab0:59Middle 50%: 0:54–1:19 · n=23
Geothermal Powerplant3:23Middle 50%: 3:13–3:31 · n=23
Advanced Metal Extractor5:54Middle 50%: 5:23–6:20 · n=20
Advanced Geothermal Powerplant7:10Middle 50%: 7:02–7:31 · n=18
Legion Vehicle Plant7:18Middle 50%: 6:57–7:34 · n=20
Advanced Vehicle Plant8:25Middle 50%: 7:55–8:40 · n=20
Mantis9:19Middle 50%: 8:37–11:54 · n=12
Medusa9:23Middle 50%: 8:51–9:48 · n=12
Gladiator9:32Middle 50%: 8:55–10:51 · n=14

Played most by

[Grump]Matsuri5games of this build[Crd]Atlas4games of this buildGodmother132games of this buildLexosis2games of this buildYogaBoy1584972games of this build